 Seeded DCSS version 0.28-a0-1567-g1695149f81 (webtiles) character file.

Game seed: 1282 (custom seed)

7784 knot the Cleaver (level 11, 77/124 HPs)
             Began as a Demonspawn Berserker on Jan 20, 2022.
             Was an Elder of Trog.
             Quit the game on level 1 of the Lair of Beasts.
             The game lasted 00:17:52 (12004 turns).

knot the Cleaver (Demonspawn Berserker)            Turns: 12004, Time: 00:17:52

Health: 77/124     AC: 15    Str: 18    XL:     11   Next: 1%
Magic:  11/11      EV: 15    Int: 13    God:    Trog [****..]
Gold:   141        SH:  0    Dex: 21    Spells: 10/10 levels left

rFire   . . .      SeeInvis .   f - +9 great mace of Royalism {elec, rElec rCorr Dex+3}
rCold   . . .      Faith    .   (shield currently unavailable)
rNeg    . . .      Spirit   .   T - +0 swamp dragon scales
rPois   +          Reflect  .   (no helmet)
rElec   +          Harm     .   y - +0 cloak
rCorr   +          Rampage  .   m - +0 pair of gloves
Will    .....                   (no boots)
Stlth   ..........              r - amulet of regeneration
HPRegen 1.10/turn               e - +4 ring of protection
MPRegen 0.12/turn               k - +6 ring of dexterity

@: berserking, very quick
A: ignite blood 1, powered by death 3, sturdy frame 1, demonic touch 2
a: Renounce Religion, Berserk, Trog's Hand, Brothers in Arms


You were on level 1 of the Lair of Beasts.
You worshipped Trog.
Trog was greatly pleased with you.
You visited 2 branches of the dungeon, and saw 11 of its levels.

You collected 1360 gold pieces.
You spent 1219 gold pieces at shops.

Inventory:

Hand Weapons
 b - the +9 executioner's axe "Nirisig" {elec, Fly rPois rC+ Int+7}
   (You acquired it on level 8 of the Dungeon)

   It occasionally discharges a powerful burst of electricity upon striking a
   foe.
   Int:       It affects your intelligence (+7).
   rC:        It protects you from cold.
   rPois:     It protects you from poison.
   Fly:       It grants you flight.
 d - a +1 hand axe of freezing
 f - the +9 great mace of Royalism (weapon) {elec, rElec rCorr Dex+3}
   (You bought it in a shop on level 10 of the Dungeon)

   It occasionally discharges a powerful burst of electricity upon striking a
   foe.
   Dex:       It affects your dexterity (+3).
   rElec:     It insulates you from electricity.
   rCorr:     It protects you from acid and corrosion.
 Y - a +0 battleaxe
Missiles
 c - 336 stones
 h - 34 bolts
 q - 81 arrows
 s - 2 atropa-tipped darts
 v - 156 sling bullets
 K - 40 poisoned darts
 L - 6 boomerangs (quivered)
 Q - a curare-tipped dart
Armour
 m - a +0 pair of gloves (worn)
 u - a +2 ring mail of positive energy
 y - a +0 cloak (worn)
 P - a +2 leather armour of fire resistance
 S - a +2 chain mail of poison resistance
 T - +0 swamp dragon scales (worn)
Jewellery
 e - a +4 ring of protection (left hand)
 k - a +6 ring of dexterity (right hand)
 r - an amulet of regeneration (around neck)
 D - an amulet of guardian spirit
 W - a +6 ring of intelligence
Wands
 J - a wand of polymorph (7)
 R - a wand of flame (27)
 X - a wand of digging (4)
Scrolls
 a - 3 scrolls of teleportation
 j - 2 scrolls of fog
 l - 2 scrolls of magic mapping
 p - 5 scrolls of fear
 t - a scroll of holy word
 w - 2 scrolls of silence
 C - 2 scrolls of immolation
 F - 4 scrolls of amnesia
 I - 3 scrolls of blinking
 M - 2 scrolls of vulnerability
 Z - a scroll of summoning
Potions
 g - a potion of attraction
 i - 4 potions of heal wounds
 n - 2 potions of berserk rage
 o - a potion of flight {unknown}
 x - 3 potions of haste
 z - a potion of lignification {unknown}
 A - a potion of magic {unknown}
 B - 2 potions of degeneration {unknown}
 E - 2 potions of resistance {unknown}
 G - 2 potions of invisibility {unknown}
 H - a potion of mutation {unknown}
 N - a potion of brilliance {unknown}
 O - a potion of ambrosia {unknown}
 U - a potion of curing {unknown}


   Skills:
 - Level 6.6 Fighting
 + Level 12.0 Axes
 - Level 4.0 Throwing
 - Level 5.6 Armour
 - Level 5.6 Dodging


You had 10 spell levels left.
You didn't know any spells.
Your spell library contained the following spells:

 Spells                   Type           Power      Damage    Failure   Level
 Magic Dart               Conj           0%         1d3       36%         1
 Summon Small Mammal      Summ           0%         N/A       36%         1
 Blink                    Tloc           0%         N/A       52%         2
 Call Imp                 Summ           0%         N/A       52%         2
 Corpse Rot               Necr/Air       0%         N/A       52%         2
 Call Canine Familiar     Summ           0%         N/A       75%         3
 Dazzling Flash           Conj/Hex       0%         N/A       75%         3
 Mephitic Cloud           Conj/Pois/Air  0%         N/A       75%         3
 Portal Projectile        Hex/Tloc       0%         N/A       75%         3
 Animate Armour           Summ/Erth      0%         N/A       98%         4
 Dispel Undead            Necr           0%         3d6       98%         4
 Leda's Liquefaction      Hex/Erth       0%         N/A       98%         4
 Agony                    Necr           0%         N/A       100%        5
 Fireball                 Conj/Fire      0%         3d3       100%        5
 Manifold Assault         Tloc           0%         N/A       100%        5
 Silence                  Hex/Air        0%         N/A       100%        5
 Death Channel            Necr           0%         N/A       100%        6
 Starburst                Conj/Fire      0%         6d3       100%        6
 Spellforged Servitor     Conj/Summ      0%         N/A       100%        7
 Storm Form               Tmut/Air       0%         N/A       100%        7
 Ignition                 Fire           0%         3d3       100%        8
 Summon Horrible Things   Summ           0%         N/A       100%        8


Dungeon Overview and Level Annotations

Branches:
Dungeon (10/15)            Temple (0/1) D:5            Lair (1/6) D:9
    Orc (0/2) D:10

Altars:
Cheibriados
Dithmenos
Elyvilon
Fedhas
Gozag
Kikubaaqudgha
Qazlal
Ru
Sif Muna
Uskayaw
Vehumet
Yredelemnul
Zin
Beogh

Shops:
D:9 *   D:10 (


Innate Abilities, Weirdness & Mutations

Your demonic aura sometimes causes spilled blood to erupt in flames.
You regenerate a lot of health from kills.
Your movements are slightly less encumbered by armour. (ER -2)
Your touch may inflict irresistible damage on your foes.


Message History

Found a stone staircase leading down.
A seven-headed hydra comes into view.
The seven-headed hydra roars!
You float gracefully downwards.
The +9 executioner's axe "Nirisig" {elec, Fly rPois rC+ Int+7} stops crackling.
You feel agile.
You hear the crackle of electricity.
f - the +9 great mace of Royalism (weapon)
{elec, rElec rCorr Dex+3} A red film seems to cover your vision as you go berserk!
You feel yourself moving faster!
You feel mighty! The seven-headed hydra bites you!
The seven-headed hydra bites you. The seven-headed hydra misses you.
The seven-headed hydra bites you.
The seven-headed hydra barely misses you.
The seven-headed hydra bites you but does no damage.
The seven-headed hydra completely misses you.
You bludgeon the seven-headed hydra!!
The seven-headed hydra is moderately wounded.
The seven-headed hydra barely misses you. x2
The seven-headed hydra bites you but does no damage.
The seven-headed hydra misses you. The seven-headed hydra bites you!
The seven-headed hydra closely misses you.
The seven-headed hydra bites you but does no damage.
You bludgeon the seven-headed hydra!!
The seven-headed hydra is severely wounded.
The seven-headed hydra bites you!
The seven-headed hydra bites you but does no damage. x2
The seven-headed hydra bites you.
The seven-headed hydra barely misses you.
The seven-headed hydra bites you.
The seven-headed hydra bites you but does no damage.
You bludgeon the seven-headed hydra!!
You kill the seven-headed hydra!
Trog accepts your kill.
Your Axes skill increases to level 12!
You have reached level 11!
Your demonic ancestry asserts itself...
Your blood heats up.
Unknown command.
Unknown command.
Are you sure you want to abandon this character and quit the game? (Confirm with "yes".)

.......
.................
...............>.
................
..... ......# ...
......#
#####.##.....#
#.....@#.....#
#....†#......#
#.....##.....#
#...... #.....#
#.##..... #.....#
#.###.### #.....#
#..##+.####.....####
##...................
#....................


There were no monsters in sight!

Vanquished Creatures
  A hydra (Lair:1)
  A two-headed ogre (D:10)
  A tarantella (shapeshifter) (D:9)
  Sigmund (D:4)
  A wyvern (D:9)
  4 yaks (D:10)
  A basilisk (Lair:1)
  A steam dragon (D:8)
  2 vampire mosquitoes (D:9)
  Menkaure (D:6)
  Edmund (D:6)
  2 acid dragons
  3 water moccasins
  5 orc warriors
  Pargi (D:3)
  2 black bears
  4 ice beasts
  A necrophage (D:5)
  3 centaurs
  2 kobold brigands
  A bullfrog (D:8)
  Blork the orc (D:4)
  A gnoll sergeant (D:10)
  2 scorpions
  9 killer bees
  A bullfrog zombie (D:6)
  A centaur zombie (D:9)
  A hound (D:5)
  A jelly (D:8)
  A gnoll shaman (D:6)
  5 orc priests
  A bullfrog skeleton (D:5)
  2 centaur skeletons
  Crazy Yiuf (D:4)
  Ijyb (D:4)
  4 iguanas
  9 orc wizards
  2 hound skeletons
  8 gnolls
  6 adders
  A shadow imp (D:7)
  2 white imps
  An ufetubus (D:6)
  4 worms
  2 dart slugs
  42 orcs
  4 bats
  13 endoplasms
  4 giant cockroaches
  4 goblins
  5 hobgoblins
  20 kobolds
  4 quokkas
  7 ball pythons
  5 frilled lizards
  A quokka skeleton (D:4)
  7 rats
222 creatures vanquished.

Vanquished Creatures (collateral kills)
  Snorg (D:10)
  A troll (D:10)
2 creatures vanquished.

Vanquished Creatures (others)
  2 orcs
  A plant (Lair:1)
3 creatures vanquished.

Grand Total: 227 creatures vanquished

Notes
Turn   | Place    | Note
-------+----------+-------------------------------------------
     0 | D:1      | knot the Demonspawn Berserker began the quest for the Orb.
     0 | D:1      | Reached XP level 1. HP: 18/18 MP: 1/1
    26 | D:1      | Found a faded altar of an unknown god.
    28 | D:1      | Noticed an eye of devastation
    28 | D:1      | Noticed a shining eye
    30 | D:1      | Noticed a floating eye
    30 | D:1      | Noticed a great orb of eyes
   753 | D:1      | Gained mutation: Your touch may inflict minor irresistible
                  | damage on your foes. [demonic ancestry]
   753 | D:1      | Reached XP level 2. HP: 20/24 MP: 2/2
  1389 | D:2      | Reached skill level 3 in Axes
  1518 | D:2      | Reached ** piety under Trog
  1559 | D:2      | Reached XP level 3. HP: 29/29 MP: 3/3
  1973 | D:3      | Gained mutation: You regenerate a little health from kills.
                  | [demonic ancestry]
  1973 | D:3      | Reached XP level 4. HP: 23/36 MP: 4/4
  2034 | D:3      | Noticed Pargi
  2042 | D:3      | Killed Pargi
  2043 | D:3      | Gained mutation: You regenerate health from kills. [demonic
                  | ancestry]
  2043 | D:3      | Reached XP level 5. HP: 42/42 MP: 5/5
  2183 | D:3      | Found an ancient bone altar of Kikubaaqudgha.
  2786 | D:3      | Reached *** piety under Trog
  3060 | D:4      | Found a runed translucent door.
  3061 | D:4      | Noticed Crazy Yiuf
  3247 | D:4      | Found an opulent altar of Gozag.
  3347 | D:4      | Noticed Blork the orc
  3356 | D:4      | Killed Blork the orc
  3357 | D:4      | Reached XP level 6. HP: 48/48 MP: 6/6
  3440 | D:4      | Noticed Ijyb
  3560 | D:4      | Noticed Sigmund
  3571 | D:4      | Killed Sigmund
  3572 | D:4      | Reached skill level 4 in Axes
  3783 | D:4      | Killed Ijyb
  3784 | D:4      | Gained mutation: You regenerate a lot of health from kills.
                  | [demonic ancestry]
  3784 | D:4      | Reached XP level 7. HP: 55/55 MP: 7/7
  4170 | D:4      | Killed Crazy Yiuf
  4290 | D:5      | Entered Level 5 of the Dungeon
  4328 | D:5      | Found a staircase to the Ecumenical Temple.
  4416 | D:5      | Reached skill level 5 in Fighting
  5660 | D:6      | Reached skill level 5 in Axes
  5660 | D:6      | Gained mutation: Your touch may inflict irresistible damage
                  | on your foes. [demonic ancestry]
  5660 | D:6      | Reached XP level 8. HP: 63/63 MP: 8/8
  5708 | D:6      | Noticed Edmund
  5731 | D:6      | Killed Edmund
  5903 | D:6      | Noticed Menkaure
  5909 | D:6      | Killed Menkaure
  5910 | D:6      | Reached skill level 5 in Armour
  5910 | D:6      | Reached skill level 5 in Dodging
  6427 | D:6      | Reached skill level 6 in Axes
  6608 | D:6      | Found a radiant altar of Vehumet.
  6666 | D:6      | Found a hide-covered altar of Uskayaw.
  6666 | D:6      | Noticed a +0 dagger
  6666 | D:6      | Noticed a +0 falchion
  6668 | D:6      | Noticed a +0 spear
  6668 | D:6      | Noticed a +0 spear
  6668 | D:6      | Noticed a +0 falchion
  6685 | D:6      | Noticed a +0 short sword
  6686 | D:6      | Noticed a +0 short sword
  6686 | D:6      | Noticed a +0 dagger
  7090 | D:7      | Gained mutation: Your movements are slightly less
                  | encumbered by armour. (ER -2) [demonic ancestry]
  7090 | D:7      | Reached XP level 9. HP: 71/71 MP: 9/9
  7143 | D:7      | Found a blossoming altar of Fedhas.
  7353 | D:7      | Found a stormy altar of Qazlal.
  7364 | D:7      | Identified the +11 spear of the Special Spines {pain, Drain
                  | rN+ Int+4}
  7399 | D:7      | Reached skill level 1 in Throwing
  7857 | D:7      | Found a basalt altar of Yredelemnul.
  7895 | D:7      | Found a snail-covered altar of Cheibriados.
  7957 | D:7      | You fall into a shaft and drop 1 floor!
  8072 | D:8      | Identified 2 scrolls of acquirement
  8085 | D:8      | Acquired 805 gold pieces
  8086 | D:8      | Acquired the +9 executioner's axe "Nirisig" {elec, Fly
                  | rPois rC+ Int+7}
  8207 | D:8      | Found a sacrificial altar of Ru.
  8333 | D:8      | Reached skill level 7 in Axes
  8717 | D:8      | Found a shimmering blue altar of Sif Muna.
  8764 | D:8      | Found a shadowy altar of Dithmenos.
  9047 | D:4      | Got the Disquisition on the Entourage
  9371 | D:9      | Reached skill level 8 in Axes
  9377 | D:9      | Found Obromm's General Store.
  9700 | D:9      | Reached XP level 10. HP: 77/77 MP: 10/10
  9702 | D:9      | Reached **** piety under Trog
  9727 | D:9      | Reached skill level 9 in Axes
 10061 | D:9      | Found a staircase to the Lair.
 10087 | D:10     | Entered Level 10 of the Dungeon
 10300 | D:10     | Noticed Snorg
 10323 | D:10     | Killed Snorg
 10324 | D:10     | Reached skill level 10 in Axes
 10362 | D:10     | Found a staircase to the Orcish Mines.
 11248 | D:10     | Found Nemauck's Weapon Emporium.
 11282 | D:10     | Reached skill level 11 in Axes
 11309 | D:10     | Noticed a two-headed ogre
 11321 | D:10     | Killed a two-headed ogre
 11808 | D:10     | Bought the +9 great mace of Royalism {elec, rElec rCorr
                  | Dex+3} for 1219 gold pieces
 11874 | Lair:1   | Entered Level 1 of the Lair of Beasts
 11998 | Lair:1   | Noticed a seven-headed hydra
 12003 | Lair:1   | Killed a seven-headed hydra
 12004 | Lair:1   | Reached skill level 12 in Axes
 12004 | Lair:1   | Gained mutation: Your demonic aura sometimes causes spilled
                  | blood to erupt in flames. [demonic ancestry]
 12004 | Lair:1   | Reached XP level 11. HP: 77/83 MP: 11/11
 12004 | Lair:1   | Quit the game

Illustrated notes

Levels and vault maps discovered:
D:1:      lemuel_arrival_tunnels, layout_loops_ring,
          hellmonk_ecumenical_altar_watching_god, due_unseen_surprise
D:2:      layout_rooms, minmay_tromino_v7
D:3:      minmay_inner_zag, layout_basic, mainiacjoe_overflow_24_doors,
          uniq_pargi
D:4:      layout_loops_ring, nicolae_overflow_hidden_temple, serial_park_tiny_1,
          kennysheep_generic_room_12, uniq_ijyb, uniq_sigmund,
          uniq_blork_the_orc, uniq_crazy_yiuf_cottage
D:5:      layout_basic, minmay_temple_entry_junction
D:6:      layout_basic, old_standard_altar, nicolae_uskayaw_en_pointe,
          cheibrodos_sewer_entry_bend, minmay_pentangle, uniq_edmund,
          uniq_menkaure
D:7:      layout_basic, mainiacjoe_overflow_concentric_impassable,
          kennysheep_slug_shrine, mainiacjoe_overflow_six_doors_small,
          fedhas_ov_isle_minmay
D:8:      layout_basic, mainiacjoe_overflow_paths, led_sif_pool,
          grunt_dithmenos_smoke_and_mirrors, kennysheep_generic_room_9
D:9:      layout_roguey, overflow_temple_1_default, lemuel_crystal_altar,
          lair_entry_dummy, serial_shops, nicolae_shop_waterfront
D:10:     layout_stronghold, minmay_orc_entry_temple_small, serial_shops,
          nicolae_shop_bloodbath_and_beyond, hangedman_decor_clover_reticule,
          chequers_serial_rivers_marsh, uniq_snorg
Lair:1:   layout_regular_city, lemuel_fruit_tree, infiniplex_staircase_pool

Skill      XL: |  1  2  3  4  5  6  7  8  9 10 |
---------------+-------------------------------+-----
Dodging        | 2 3 4 5 |  5.6
Armour         | 2 3 4 5 |  5.6
Axes           | 3 4 5 6 8 12 | 12.0
Fighting       | 4 5 6 |  6.6
Throwing       | 4 |  4.0

Action                   |  1- 3 |  4- 6 |  7- 9 | 10-12 || total
-------------------------+-------+-------+-------+-------++-------
Melee: Hand axe          |    85 |    88 |   281 |       ||   454
       Touch             |    11 |    18 |    44 |       ||    73
       Punch             |       |     1 |     6 |       ||     7
       Unarmed           |       |    14 |       |       ||    14
       Executioner's axe |       |       |    66 |    78 ||   144
       Great mace        |       |       |       |     3 ||     3
Throw: Stone             |     3 |       |       |       ||     3
       Boomerang         |       |       |    11 |     6 ||    17
       Dart              |       |       |     8 |     6 ||    14
Invok: Berserk           |     1 |     4 |    11 |     3 ||    19
       Trog's Hand       |       |       |     3 |       ||     3
       Brothers in Arms  |       |       |       |     1 ||     1
Evoke: Wand              |       |       |     1 |     1 ||     2
  Use: Scroll            |       |       |    12 |     2 ||    14
       Potion            |       |       |       |     4 ||     4
 Stab: Sleeping          |     2 |       |       |     1 ||     3
       Invisible         |       |       |     1 |       ||     1
Armor: Animal skin       |    16 |    25 |       |       ||    41
       Ring mail         |       |     8 |   129 |       ||   137
       Skin              |       |     2 |       |       ||     2
       Swamp dragon scal |       |       |    41 |    52 ||    93
       Chain mail        |       |       |    11 |       ||    11
Dodge: Dodged            |    44 |    54 |   257 |    87 ||   442

Table legend: (Time is in decaauts)
 A = Elapsed time spent in this place.
 B = Non-inter-level travel time spent in this place.
 C = Inter-level travel time spent in this place.
 D = Time resting spent in this place.
 E = Time spent auto-exploring this place.
 F = Levels seen in this place.
 G = Mean time per level.
                   A        B        C        D        E       F      G
               +--------+--------+--------+--------+--------+-----+--------+
         Total |  12284 |  10903 |   1381 |   2465 |   6782 |  11 | 1116.7 |
       Dungeon |  12154 |  10773 |   1381 |   2465 |   6670 |  10 | 1215.4 |
          Lair |    129 |    129 |      0 |      0 |    112 |   1 |  129.0 |
               +--------+--------+--------+--------+--------+-----+--------+

Top non-repeatable levels by time:
     D:6: 1853 daAuts
     D:3: 1515 daAuts
     D:5: 1477 daAuts
     D:1: 1474 daAuts
    D:10: 1379 daAuts
     D:4: 1241 daAuts
     D:8: 1016 daAuts
     D:7: 985 daAuts
     D:9: 627 daAuts
     D:2: 585 daAuts
  Lair:1: 129 daAuts
